 Dungeon Crawl Stone Soup version 0.25.0-10-g039870ee82 (webtiles) character file.

Game seed: 10702913194536698680

18 DeadF the Sneak (level 2, -2/11 HPs)
             Began as a Felid Enchanter on June 22, 2020.
             Slain by an orc
             ... wielding a +0 short sword
              (13 damage)
             ... on level 3 of the Dungeon.
             The game lasted 00:01:49 (1565 turns).

DeadF the Sneak (Felid Enchanter)                   Turns: 1565, Time: 00:01:49

Health: -2/11      AC:  1    Str:  4    XL:     2   Next: 51%
Magic:  6/6        EV: 19    Int: 16    God:
Gold:   67         SH:  0    Dex: 16    Spells: 2/5 levels left
                                        Lives:  0   Deaths: 0

rFire    . . .     SeeInvis +     - Unarmed
rCold    . . .     Gourm    .   (shield unavailable)
rNeg     . . .     Faith    .   (armour unavailable)
rPois    .         Spirit   .   (helmet unavailable)
rElec    .         Reflect  .   (cloak unavailable)
rCorr    .         Harm     .   (gloves unavailable)
MR       .....                  (boots unavailable)
Stlth    +++.......             (no amulet)
HPRegen  0.03/turn              (no ring)
MPRegen  0.10/turn              (no ring)

@: quick
A: very small, no armour, no weapons or thrown items, stealth, claws 1, fangs 3,
see invisible, carnivore, speed 1, shaggy fur 1, slow metabolism 1, sharp paws
a: no special abilities


You were on level 3 of the Dungeon.
You were completely stuffed.

You visited 1 branch of the dungeon, and saw 3 of its levels.

You collected 67 gold pieces.

Inventory:

Jewellery
 j - an uncursed ring of protection from magic {unknown}
Wands
 i - a wand of digging (6)
Scrolls
 a - 2 scrolls of teleportation {unknown}
 c - a scroll of identify {unknown}
 e - a scroll of fear {unknown}
Potions
 d - a potion of cancellation {unknown}
 f - 2 potions of mutation {unknown}
 g - a potion of curing {unknown}
 h - a potion of lignification {unknown}
Comestibles
 b - 3 rations
 k - a chunk of flesh


   Skills:
 + Level 3.5 Dodging
 + Level 4.8 Stealth
 - Level 1.0 Unarmed Combat
 - Level 2.0 Spellcasting
 - Level 4.4 Hexes


You had 2 spell levels left.
You knew the following spells:

 Your Spells              Type           Power        Failure   Level  Hunger
a - Corona                Hex            ###....      3%          1    #......
b - Ensorcelled Hibernat  Hex/Ice        #.....       13%         2    ###....

Your spell library contained the following spells:

 Spells                   Type           Power        Failure   Level  Hunger
 Confusing Touch          Hex            ###.....     11%         3    ###....
 Tukima's Dance           Hex            ###.....     11%         3    ###....
 Dazzling Flash           Conj/Hex       #.....       26%         3    ###....


Dungeon Overview and Level Annotations

Branches:
Dungeon (3/15)

Altars:
Ashenzari
Qazlal

Annotations:
D:3 Robin


Innate Abilities, Weirdness & Mutations

You cannot wear armour.
You are incapable of wielding weapons or throwing items.
Your paws allow you to move quietly. (Stealth)
You have sharp claws.
You have razor-sharp teeth.
You have supernaturally acute eyesight. (SInv)
You are carnivorous and can eat meat at any time.
You cover ground quickly.
You are covered in fur. (AC +1)
You have a slow metabolism.
Your sharp claws are effective at attacking unaware monsters.


Message History

No target in view!
No target in view!
No target in view!
No target in view!
You butcher the bat corpse.
k - a chunk of flesh You see here a bat skeleton. x2
Found a shattered altar of Ashenzari.
An orc comes into view. It is wielding a +0 short sword.
An orc is nearby!
An orc is nearby!
The orc shouts!
An ooze comes into view.
The orc drinks a potion.
The orc goes berserk!
A goblin comes into view.
The goblin shouts!
The orc rages.
The orc hits you with a +0 short sword!
Ouch! That really hurt!
You die...

##..##.#.#####
#......g.#...##
..............##
....#..........#
........_......#
....#...J......# ..
#####.....## #.#
##.o.## #.# ##@## #.#
####.###
####.######......#
##.##.##.......##.#
##....<.#.รท..........
#................#.###
###
........#..........#
#####..
#......##.....##.#.#
#......
##...########......#
#.###..


You could see an ooze, an orc (berserk) and a goblin.

Vanquished Creatures
  5 kobolds
  A quokka (D:3)
  3 bats
  A frilled lizard (D:1)
  5 goblins (D:1)
  4 rats (D:1)
19 creatures vanquished.

Notes
Turn   | Place    | Note
-------+----------+-------------------------------------------
     0 | D:1      | DeadF the Felid Enchanter began the quest for the Orb.
     0 | D:1      | Reached XP level 1. HP: 7/7 MP: 4/4
    27 | D:1      | Found a shattered altar of Ashenzari.
   281 | D:1      | Reached XP level 2. HP: 11/11 MP: 6/6
   581 | D:2      | Found a stormy altar of Qazlal.
   583 | D:2      | Noticed a fire elemental
   583 | D:2      | Noticed a water elemental
   584 | D:2      | Noticed an air elemental
   584 | D:2      | Noticed an earth elemental
   860 | D:2      | Learned a level 2 spell: Ensorcelled Hibernation
   951 | D:3      | Noticed Robin
  1556 | D:3      | Found a shattered altar of Ashenzari.
  1565 | D:3      | Slain by an orc

Illustrated notes

Levels and vault maps discovered:
D:1:      zelgadis_glass_arrival_small, layout_basic, evilmike_ruin_ashenzari
D:2:      layout_basic, lemuel_zombie_altar_yredelemnul,
          nicolae_qazlal_style_of_elements, first_ration
D:3:      layout_loops_cross, grunt_temple_overflow_order_and_chaos_2,
          overflow_temple_1_default, uniq_grinder, uniq_robin, uniq_terence

Skill      XL: |  1 |
---------------+----+-----
Dodging        | 3 |  3.5
Stealth        | |  4.8
Unarmed Combat | |  1.0
Spellcasting   | |  2.0
Hexes          | |  4.4

Action                   || total
-------------------------++-------
Melee: Unarmed           ||    36
       Bite              ||     1
 Cast: Ensorcelled Hiber ||     3
 Stab: Sleeping          ||    13
  Eat: Chunk             ||     9
Armor: Skin              ||     3
Dodge: Dodged            ||    19
